 Dungeon Crawl Stone Soup version 0.24.0-1-gfbc8707122 (webtiles) character file.

Game seed: 15683569639699008102, levelgen mode: deterministic

1537276 hairmachine the Conqueror (level 27, 273/273 HPs)
             Began as a Minotaur Berserker on Oct 27, 2019.
             Was a High Priest of Trog.
             Escaped with the Orb
             ... and 3 runes!
             The game lasted 04:29:26 (88506 turns).

hairmachine the Conqueror (Minotaur Berserker)     Turns: 88506, Time: 04:29:27

Health: 273/273    AC: 45    Str: 35    XL:     27
Magic:  14/14      EV: 21    Int:  7    God:    Trog [*****.]
Gold:   1798       SH: 37    Dex: 12    Spells: 26/26 levels left

rFire    + + .     SeeInvis +   S - +8 broad axe (antimagic)
rCold    + . .     Gourm    .   w - +5 large shield {rC+}
rNeg     + . .     Faith    .   B - +8 plate armour of Juputim {rF+ MR+}
rPois    +         Spirit   .   h - +2 hat {MR+}
rElec    +         Reflect  +   s - +0 cloak "Bygh" {rF+ Str+3 SInv}
rCorr    .         Harm     .   v - +2 pair of gloves
MR       +++++                  (no boots)
Stlth    ..........             L - +3 amulet of reflection
HPRegen  0.00/turn              Z - ring "Ilimmafir" {rElec rPois rN+ MR+ MP+9}
MPRegen  0.14/turn              k - +5 ring of protection

@: no status effects
A: retaliatory headbutt, horns 2, repulsion field 1, iridescent scales 1, blink,
poison resistance, inhibited regeneration, strong 1, MP-powered wands, sturdy
frame 1
0: Orb of Zot
}: 3/15 runes: serpentine, barnacled, silver
a: Blink, Berserk, Trog's Hand, Brothers in Arms, Renounce Religion


You escaped.
You worshipped Trog.
Trog was extremely pleased with you.
You were full.

You visited 9 branches of the dungeon, and saw 47 of its levels.
You visited 1 bazaar.
You also visited: Sewer and Ice Cave.

You collected 5871 gold pieces.
You spent 4073 gold pieces at shops.

Inventory:

Hand Weapons
 M - a +4 broad axe of flaming
 S - a +8 antimagic broad axe (weapon)
Missiles
 I - 5 throwing nets (quivered)
Armour
 h - a +2 hat of magic resistance (worn)
 s - the +0 cloak "Bygh" (worn) {rF+ Str+3 SInv}
   (You found it on level 5 of the Lair of Beasts)

   It affects your strength (+3).
   It protects you from fire.
   It lets you see invisible.
 v - a +2 pair of gloves (worn)
 w - a +5 large shield of cold resistance (worn)
 B - the +8 plate armour of Juputim (worn) {rF+ MR+}
   (You found it on level 2 of the Orcish Mines)

   It protects you from fire.
   It affects your resistance to hostile enchantments.
Jewellery
 k - a +5 ring of protection (right hand)
 n - an uncursed ring of see invisible
 A - a +4 ring of slaying
 E - an uncursed amulet of regeneration
 L - a +3 amulet of reflection (around neck)
 N - an uncursed ring of resist corrosion
 Z - the ring "Ilimmafir" (left hand) {rElec rPois rN+ MR+ MP+9}
   (You acquired it on level 5 of the Depths)

   [ring of magical power]

   It insulates you from electricity.
   It protects you from poison.
   It protects you from negative energy.
   It affects your resistance to hostile enchantments.
   It affects your magic capacity (+9).
Wands
 y - a wand of digging (11)
 D - a wand of acid (44)
 H - a wand of iceblast (38)
 P - a wand of disintegration (10)
 T - a wand of clouds (9)
Scrolls
 f - 5 scrolls of identify
 j - 11 scrolls of fear
 l - 5 scrolls of silence
 m - 25 scrolls of remove curse
 o - 3 scrolls of brand weapon
 p - 27 scrolls of teleportation
 u - 4 scrolls of fog
 z - 7 scrolls of immolation
 F - a scroll of enchant armour
 K - 2 scrolls of holy word
 R - 2 scrolls of summoning
 V - 5 scrolls of magic mapping
 X - 2 scrolls of blinking
Potions
 a - 2 potions of ambrosia
 b - 25 potions of curing
 e - 5 potions of agility
 g - a potion of resistance
 i - 8 potions of heal wounds
 q - a potion of magic
 r - a potion of might
 t - 5 potions of flight
 x - 2 potions of invisibility
 C - 5 potions of cancellation
 J - 3 potions of mutation
 O - 5 potions of haste
Miscellaneous
 d - a lamp of fire
 G - a phantom mirror
 Q - a lightning rod (4/4)
 U - a fan of gales
Comestibles
 c - 56 rations


   Skills:
 O Level 27 Fighting
 - Level 18.0 Axes
 + Level 25.7 Armour
 - Level 18.0 Dodging
 O Level 27 Shields
 - Level 16.0 Evocations


You had 26 spell levels left.
You didn't know any spells.
Your spell library was empty.

Dungeon Overview and Level Annotations

Branches:
Dungeon (15/15)            Temple (1/1) D:7            Lair (6/6) D:10
 Shoals (4/4) Lair:4        Snake (4/4) Lair:2        Slime (0/5) Lair:5
    Orc (2/2) D:10            Elf (0/3) Orc:2        Vaults (5/5) D:13
  Crypt (0/3) Vaults:3     Depths (5/5) D:15            Zot (5/5) Depths:5
  Sewer (visited)           IceCv (visited)

Altars:
Ashenzari
Cheibriados
Dithmenos
Elyvilon
Fedhas
Gozag
Hepliaklqana
Kikubaaqudgha
Makhleb
Nemelex Xobeh
Okawaru
Qazlal
Ru
Sif Muna
Trog
Uskayaw
Vehumet
Wu Jian
Xom
Yredelemnul
Zin
The Shining One
Beogh
Jiyva

Shops:
D:5 (   D:10 !   D:15 (   Orc:2 (([*:   Shoals:1 }   Shoals:4 }   Snake:1 !?
Snake:2 [:!(   Vaults:4 (   Vaults:5 %!!}[}   Depths:2 ?   Depths:5 }=}

Portals:
Hell: Depths:1 Depths:2 Depths:3 Depths:4 Depths:5
Abyss: Depths:2 Depths:4
Pandemonium: Depths:1 Depths:3
Ziggurat: Depths:5

Annotations:
D:11 2 runed translucent doors
Lair:6 1 exclusion
Snake:1 1 runed translucent door, vinnietd's ghost, adept HaFi
Depths:1 6 runed translucent doors
Depths:4 1 runed door


Innate Abilities, Weirdness & Mutations

You reflexively headbutt those who attack you in melee.
You have a pair of horns on your head.
You are surrounded by a mild repulsion field. (EV +2)
You are partially covered in iridescent scales. (AC +2)
You can translocate small distances at will.
Your system is resistant to poisons. (rPois)
You do not regenerate when monsters are visible.
Your muscles are strong. (Str +2)
You expend magic power (3 MP) to strengthen your wands.
Your movements are slightly less encumbered by armour. (ER -2)


Message History

You miss the Orb Guardian.
You headbutt the Orb Guardian, but do no damage.
You slice the Orb Guardian!! You headbutt the Orb Guardian!
The Orb Guardian is heavily wounded.
The Orb Guardian hits you but does no damage.
You barely miss the Orb Guardian.
The Orb Guardian is heavily wounded.
You block the Orb Guardian's attack.
You closely miss the Orb Guardian.
You headbutt the Orb Guardian, but do no damage.
The Orb Guardian is heavily wounded.
You slash the Orb Guardian!
The Orb Guardian is severely wounded.
You block the Orb Guardian's attack.
You chop the Orb Guardian into pieces!!!
You kill the Orb Guardian!
Trog accepts your kill.
A green death comes into view.
There is a staircase leading out of the dungeon here.
You have escaped!

..#.##...)...#................###
..#.########.#..........#####....
..#'########.............# #....
............##..##.....#.# #....
............##..##.....#.## #....
............##..##.....#..# #....
............##..)......##.# #....
............'..#####.####.###....
............####@##..).#....#.###
............###...####)#..#.#.#..
............#...≈...#..#..#.#†#..
............#.8.≈.8.#.......#.#..
...##########...≈...#..###..#.#..
...##########.8.≈.8.#.......#.#..
...........##..2≈...#.......#.#..
....[......##.8.≈.8.#.......#'#..
......)....##...≈...#..#'#.......


You could see a green death.

Vanquished Creatures
  8 orbs of fire
  Mennas (Vaults:3)
  2 juggernauts
  3 ancient liches (Zot:5)
  A shard shrike (Zot:5)
  Bai Suzhen (Vaults:2)
  2 Killer Klowns (Zot:5)
  Xtahua (Vaults:2)
  3 curse toes
  8 golden dragons
  5 caustic shrikes (Depths:2)
  Jory (Vaults:3)
  4 electric golems
  A hellephant (Zot:4)
  17 tentacled monstrosities
  A Hell Sentinel (D:9)
  4 liches
  24 Orb Guardians
  7 quicksilver dragons
  6 death cobs
  Polyphemus (Shoals:2)
  9 titans
  4 acid blobs (Depths:3)
  A kraken (Shoals:1)
  An Executioner (D:12)
  Kirke (D:13)
  Frances (D:12)
  19 storm dragons
  11 shadow dragons
  6 sphinxes
  Gastronok (D:8)
  9 tengu reavers (Vaults:5)
  17 frost giants
  4 azure jellies (Depths:3)
  4 draconian monks
  9 nagarajas
  18 fire giants
  7 draconian knights
  An orc warlord (Orc:2)
  6 ghost moths
  12 vault wardens
  A balrug (Depths:4)
  2 draconian scorchers (Zot:1)
  6 deep elf sorcerers
  A curse skull (Depths:4)
  8 draconian shifters
  A deep elf elementalist (Vaults:5)
  6 draconian annihilators
  5 draconian stormcallers
  2 spriggan defenders
  18 ironheart preservers
  A war gargoyle (Vaults:5)
  25 very ugly things
  24 stone giants
  An entropy weaver (Vaults:3)
  16 black draconians
  11 green draconians
  2 deep elf demonologists
  The ghost of TheWoodenMan the Spear-Bearer, a journeyman HOGl of Kikubaaqudgha (Orc:1)
  A vampire knight (Depths:5)
  12 red draconians
  4 deep elf annihilators
  8 purple draconians
  3 spark wasps
  13 yellow draconians
  6 white draconians
  The ghost of mopl the Severer, a journeyman MiBe of Trog (Orc:2)
  2 merfolk javelineers
  10 merfolk impalers
  A green death (D:7)
  8 death oozes (Depths:3)
  17 ettins
  A deep elf high priest (Vaults:5)
  2 blizzard demons
  34 vault guards
  7 great orbs of eyes
  9 fire dragons
  3 deep elf death magi
  10 yaktaur captains
  15 naga warriors
  8 ice dragons
  5 rakshasas
  Erolcha (Orc:2)
  A monstrous demonspawn (Depths:1)
  8 hydras
  3 merfolk avatars
  5 spriggan air magi
  An anaconda (shapeshifter) (Depths:2)
  2 anacondas
  30 two-headed ogres
  3 catoblepae
  8 tengu warriors
  2 alligator snapping turtles
  4 merfolk aquamancers
  7 centaur warriors
  9 deep troll shamans
  11 ogre magi
  A satyr (Shoals:4)
  4 death yaks (Shoals:2)
  8 deep troll earth magi
  2 death knights
  10 naga sharpshooters
  8 spriggan berserkers
  2 sun demons
  9 soul eaters
  5 shock serpents
  4 orc high priests (Orc:2)
  Urug (Orc:1)
  9 iron trolls
  7 deep elf knights
  3 shadow wraiths
  A sixfirhy (Depths:1)
  4 salamander mystics
  A fire crab (Lair:6)
  2 unseen horrors
  13 sea snakes
  3 glowing orange brains
  A torturous demonspawn (Depths:3)
  30 deep trolls
  6 deep elf archers
  19 ironbrand convokers
  3 swamp dragons (Lair:5)
  2 flayed ghosts
  7 phantasmal warriors
  6 naga ritualists
  3 wizards
  22 harpies
  A lindwurm (shapeshifter) (Vaults:2)
  An orange crystal statue (D:11)
  A wolf spider (shapeshifter) (Vaults:5)
  A necromancer (Vaults:2)
  A lindwurm (Lair:6)
  16 orc knights
  5 wolf spiders
  19 mana vipers
  5 orc sorcerers
  15 deep elf magi
  40 ugly things
  6 fauns
  2 manticores (shapeshifter)
  12 salamanders
  8 cyclopes
  29 moths of wrath
  An elephant (shapeshifter) (Depths:3)
  A frost giant zombie (Vaults:2)
  Maurice (Orc:1)
  11 vault sentinels
  11 elephants
  13 manticores
  An ice statue (IceCv)
  35 black mambas
  8 guardian serpents
  11 naga magi
  A guardian serpent (shapeshifter) (D:14)
  7 merfolk sirens
  11 water nymphs
  2 orange demons
  17 spiny frogs
  2 gargoyles (D:14)
  A spiny frog (shapeshifter) (Depths:3)
  4 centaur skeletons
  38 yaktaurs
  2 freezing wraiths
  4 efreet
  A demonic crawler (D:9)
  A hellion (Zot:4)
  6 komodo dragons
  A yaktaur (shapeshifter) (D:14)
  A kobold demonologist (D:13)
  5 hellwings
  6 rime drakes
  An ice devil (Depths:3)
  A tengu conjurer (D:15)
  13 trolls
  3 wind drakes
  2 red devils (Depths:4)
  A harpy zombie (D:15)
  35 merfolk
  A small abomination (Vaults:2)
  18 polar bears
  Prince Ribbit (D:8)
  8 hornets
  6 hippogriffs
  A hornet (shapeshifter) (Vaults:1)
  A blink frog (shapeshifter) (Vaults:4)
  A hippogriff (shapeshifter) (Vaults:1)
  A tengu simulacrum (Vaults:2)
  27 blink frogs
  15 slime creatures
  9 snapping turtles
  2 dream sheep (Lair:6)
  A redback (shapeshifter) (Vaults:5)
  2 redbacks (Vaults:3)
  A ynoxinul (D:5)
  An ettin skeleton (Vaults:2)
  A yak (shapeshifter) (Vaults:2)
  15 spriggans
  3 shadows
  2 tarantellas (shapeshifter)
  A wyvern (shapeshifter) (Depths:2)
  2 wraiths
  14 water elementals
  2 fire elementals (D:13)
  3 wyverns
  55 yaks
  5 hogs
  3 golden eyes (shapeshifter)
  4 basilisks
  A chaos spawn (Zot:4)
  15 wargs
  A harpy simulacrum (D:14)
  A human simulacrum (Vaults:2)
  47 nagas
  A soldier ant (shapeshifter) (Vaults:2)
  An acid dragon (D:14)
  2 soldier ants
  A floating eye (shapeshifter) (Depths:3)
  20 water moccasins
  4 hell hounds
  6 porcupines
  A large abomination (D:4)
  49 orc warriors
  4 sky beasts
  A black bear (shapeshifter) (Vaults:4)
  An ice beast (shapeshifter) (Depths:3)
  3 phantoms
  4 black bears
  2 necrophages
  An orc zombie (Vaults:2)
  2 ice beasts
  30 ogres
  4 boggarts (Lair:6)
  An elf zombie (Vaults:2)
  41 wolves
  7 centaurs
  6 crocodiles
  4 big kobolds
  6 bullfrogs
  7 earth elementals (D:12)
  2 gnoll sergeants
  2 wyvern zombies (D:8)
  2 scorpions (D:12)
  2 wyvern skeletons
  A water moccasin skeleton (D:7)
  6 killer bees (D:9)
  9 wights
  3 electric eels
  2 howler monkeys (D:7)
  18 crimson imps
  5 hounds
  2 quasits
  18 jellies
  A bullfrog zombie (D:11)
  39 orc priests
  37 orc wizards
  3 iron imps (Depths:3)
  Ijyb (D:3)
  5 iguanas
  8 worker ants
  A hound zombie (D:7)
  A hound skeleton (D:11)
  A worker ant zombie (D:9)
  14 gnolls
  26 adders
  7 river rats (Sewer)
  7 shadow imps
  3 white imps
  An ufetubus (Depths:3)
  2 oozes
  3 adder zombies
  4 worms
  4 leopard geckos
  142 orcs
  10 bats
  5 giant cockroaches
  7 goblins
  6 hobgoblins
  4 jackals
  38 kobolds
  6 quokkas
  4 ball pythons
  4 frilled lizards
  A jackal zombie (D:5)
  22 rats
  A crawling corpse (Vaults:2)
  6 fungi
  8 plants
  5 tentacles (Shoals:1)
2254 creatures vanquished.

Vanquished Creatures (collateral kills)
  Sojobo (Vaults:5)
  A titan (Vaults:5)
  A tengu reaver (Vaults:5)
  A vault warden (Vaults:5)
  An orc warlord (Orc:1)
  Azrael (D:13)
  Snorg (D:13)
  Sonja (Orc:2)
  A rakshasa (Vaults:2)
  A two-headed ogre (D:13)
  5 spriggans (Lair:6)
  A deep elf archer (Vaults:2)
  An ironbrand convoker (Vaults:5)
  2 orc knights
  2 orc sorcerers
  A yaktaur (Vaults:2)
  A polar bear (Lair:6)
  A hornet (Lair:6)
  A fire elemental (D:13)
  A hell hound (D:13)
  5 orc warriors (Orc:2)
  A black bear (Lair:6)
  A wolf (Lair:6)
  A vampire bat (Orc:2)
  3 orc priests
  3 orc wizards (Orc:2)
  A worker ant (D:13)
  7 orcs (Orc:2)
  A bat (Orc:2)
49 creatures vanquished.

Vanquished Creatures (others)
  A draconian stormcaller (Zot:2)
  A stone giant (Vaults:4)
  3 yaktaur captains
  3 centaur warriors
  2 satyrs
  2 naga sharpshooters (Snake:3)
  A deep elf mage (Vaults:2)
  2 manticores
  A centaur zombie (D:13)
  14 yaktaurs
  3 merfolk (Shoals:4)
  A wind drake (Shoals:4)
  3 orc warriors (Orc:2)
  An ogre (Vaults:5)
  3 centaurs (Vaults:3)
  A crimson imp (Depths:4)
  An orc (Orc:2)
  5 fungi
  12 plants
60 creatures vanquished.

Grand Total: 2363 creatures vanquished

Notes
Turn   | Place    | Note
-------+----------+-------------------------------------------
     0 | D:1      | hairmachine the Minotaur Berserker began the quest for the
                  | Orb.
     0 | D:1      | Reached XP level 1. HP: 19/19 MP: 0/0
   259 | D:1      | Reached XP level 2. HP: 26/27 MP: 1/1
   611 | D:1      | Reached ** piety under Trog
  1215 | D:2      | Reached XP level 3. HP: 33/33 MP: 2/2
  1413 | D:2      | Reached skill level 5 in Axes
  1471 | D:2      | Reached XP level 4. HP: 40/40 MP: 3/3
  2095 | D:2      | Found a faded altar of an unknown god.
  2316 | D:3      | Found a glowing drain.
  2342 | D:3      | Reached XP level 5. HP: 46/46 MP: 4/4
  2457 | Sewer    | Entered a sewer
  2837 | Sewer    | Reached *** piety under Trog
  3213 | Sewer    | Reached skill level 5 in Fighting
  3213 | Sewer    | Reached XP level 6. HP: 56/56 MP: 5/5
  3866 | D:3      | Found a shadowy altar of Dithmenos.
  4159 | D:3      | Noticed Ijyb
  4174 | D:3      | Killed Ijyb
  4348 | D:3      | Reached **** piety under Trog
  4348 | D:3      | Reached XP level 7. HP: 40/62 MP: 6/6
  4738 | D:4      | Found a blossoming altar of Fedhas.
  4738 | D:4      | Found a sparkling altar of Nemelex Xobeh.
  5461 | D:5      | Entered Level 5 of the Dungeon
  5482 | D:5      | Found Loerch's Antique Weapon Shop.
  5510 | D:5      | Reached skill level 5 in Armour
  6137 | D:5      | Reached XP level 8. HP: 69/73 MP: 7/7
  8917 | D:7      | Reached XP level 9. HP: 79/82 MP: 8/8
  8928 | D:7      | Received a gift from Trog
  8950 | D:7      | Reached skill level 10 in Axes
  9480 | D:7      | Reached ***** piety under Trog
  9804 | D:7      | Killed an unseen horror
 10081 | D:7      | Found a staircase to the Ecumenical Temple.
 10162 | Temple   | Entered the Ecumenical Temple
 10989 | D:8      | You fall into a shaft and drop 1 floor!
 11021 | D:8      | Noticed Prince Ribbit
 11093 | D:8      | Reached skill level 5 in Dodging
 11156 | D:8      | Reached XP level 10. HP: 93/93 MP: 9/9
 11280 | D:8      | Killed Prince Ribbit
 11382 | D:8      | Reached skill level 10 in Fighting
 11586 | D:8      | Reached skill level 1 in Evocations
 11748 | D:8      | Noticed Gastronok
 11771 | D:8      | Killed Gastronok
 11890 | D:8      | Found an ancient bone altar of Kikubaaqudgha.
 12354 | D:9      | Noticed a cyclops
 12369 | D:9      | Killed a cyclops
 13711 | D:10     | Entered Level 10 of the Dungeon
 13778 | D:10     | Reached XP level 11. HP: 102/102 MP: 12/12
 13894 | D:10     | Received a gift from Trog
 14266 | D:10     | Found a staircase to the Orcish Mines.
 14273 | D:10     | Identified the Compendium of Protection and Curses
 14433 | D:10     | Found Xipsec's Distillery.
 14436 | D:10     | Bought a potion of haste for 130 gold pieces
 14499 | D:10     | Found a staircase to the Lair.
 14526 | Lair:1   | Entered Level 1 of the Lair of Beasts
 15529 | Lair:1   | Reached skill level 5 in Evocations
 16137 | Lair:1   | Reached skill level 15 in Axes
 17219 | Lair:2   | Reached XP level 12. HP: 113/113 MP: 14/14
 17712 | Lair:2   | Found a staircase to the Snake Pit.
 18275 | Lair:3   | Noticed a six-headed hydra
 18286 | Lair:3   | Killed a five-headed hydra
 18318 | Lair:3   | Received a gift from Trog
 18680 | Lair:3   | Noticed a five-headed hydra
 18699 | Lair:3   | Killed a one-headed hydra
 19796 | Lair:4   | Found a staircase to the Shoals.
 19810 | Lair:4   | Found a frozen archway.
 19827 | IceCv    | Entered an ice cave
 20302 | IceCv    | Reached XP level 13. HP: 116/124 MP: 15/15
 20745 | IceCv    | Noticed a frost giant
 20763 | IceCv    | Killed a frost giant
 20763 | IceCv    | Reached skill level 15 in Fighting
 20769 | IceCv    | Reached skill level 1 in Shields
 20821 | IceCv    | Got a shimmering copper ring
 20842 | IceCv    | Identified the ring "Nihuirho" {rN+ Str+3 Int-5 Slay+3}
                  | (You found it in an ice cave)
 21075 | Lair:4   | Received a gift from Trog
 21142 | Lair:4   | Got a jewelled quarterstaff {god gift}
 21143 | Lair:4   | Identified the +2 quarterstaff "Ybbu" {elec, MR+} (Trog
                  | gifted it to you on level 4 of the Lair of Beasts)
 21747 | Lair:5   | Found a transporter.
 21779 | Lair:5   | Reached skill level 5 in Shields
 21918 | Lair:5   | Found a transporter.
 22100 | Lair:5   | Found a staircase to the Slime Pits.
 22397 | Lair:5   | You fall into a shaft and drop 1 floor!
 22397 | Lair:6   | Entered Level 6 of the Lair of Beasts
 23144 | Lair:5   | Got a steaming cloak
 23197 | Lair:5   | Identified the cursed +0 cloak "Bygh" {rF+ Str+3 SInv} (You
                  | found it on level 5 of the Lair of Beasts)
 23745 | Lair:6   | Reached XP level 14. HP: 131/137 MP: 16/16
 23897 | Lair:6   | Reached skill level 10 in Shields
 24213 | Lair:6   | Received a gift from Trog
 25401 | D:11     | Found a runed translucent door.
 25422 | D:11     | Found a runed translucent door.
 25432 | D:11     | Found a runed translucent door.
 25450 | D:11     | Found a runed translucent door.
 26740 | Orc:1    | Entered Level 1 of the Orcish Mines
 26752 | Orc:1    | Received a gift from Trog
 26773 | Orc:1    | Noticed Maurice
 26787 | Orc:1    | Killed Maurice
 27075 | Orc:1    | Found a runed translucent door.
 27075 | Orc:1    | Noticed TheWoodenMan's ghost (journeyman HOGl)
 27931 | Orc:2    | Entered Level 2 of the Orcish Mines
 27931 | Orc:2    | Found a staircase to the Elven Halls.
 27935 | Orc:2    | Noticed Sonja
 27937 | Orc:2    | Noticed an orc warlord
 28036 | Orc:2    | Noticed Urug
 28039 | Orc:2    | Paralysed by Urug for 7 turns
 28048 | Orc:2    | Paralysed by Urug for 5 turns
 28059 | Orc:1    | Killed Urug
 28059 | Orc:1    | Reached ****** piety under Trog
 28357 | Orc:2    | Received a gift from Trog
 28367 | Orc:2    | Killed Sonja
 28377 | Orc:2    | Killed an orc warlord
 28414 | Orc:2    | Found Zellarun's Weapon Shop.
 28455 | Orc:2    | Noticed Erolcha
 28467 | Orc:2    | Killed Erolcha
 28708 | Orc:2    | Reached XP level 15. HP: 147/147 MP: 17/17
 28840 | Orc:2    | Identified a scroll of acquirement
 29241 | Orc:2    | Found a runed translucent gate.
 29241 | Orc:2    | Found a runed translucent gate.
 29241 | Orc:2    | Found a runed translucent gate.
 29251 | Orc:2    | Identified the +2 battleaxe of Watchfulness {chop, +Rage
                  | Str+3 Int+2}
 29251 | Orc:2    | Noticed mopl's ghost (journeyman MiBe)
 29255 | Orc:2    | Found an iron altar of Okawaru.
 29297 | Orc:2    | Noticed an orc warlord
 29442 | Orc:1    | Killed an orc warlord
 29488 | Orc:2    | Received a gift from Trog
 29830 | Orc:2    | Found Jutos's Antique Armour Boutique.
 29831 | Orc:2    | Found Qiru's Antique Weapon Shop.
 29833 | Orc:2    | Found Ycvumaku's General Store.
 29833 | Orc:2    | Found Ruomutre's Book Boutique.
 30177 | Orc:2    | Found a roughly hewn altar of Beogh.
 30333 | Orc:2    | Bought a glowing large shield for 202 gold pieces
 30352 | Orc:2    | Bought a scroll of teleportation for 42 gold pieces
 30352 | Orc:2    | Bought a potion of haste for 140 gold pieces
 30850 | D:12     | Got a coiled silver ring
 30854 | D:12     | Identified the ring of Cerir {*Tele MR- Dex+4 SInv} (You
                  | found it on level 12 of the Dungeon)
 30934 | D:12     | Noticed Frances
 30943 | D:12     | Killed Frances
 30943 | D:12     | Received a gift from Trog
 30943 | D:12     | Reached skill level 15 in Shields
 31818 | D:13     | You fall into a shaft and drop 2 floors!
 31818 | D:15     | Entered Level 15 of the Dungeon
 31857 | D:15     | Found a staircase to the Depths.
 31858 | D:15     | Noticed a fire giant
 32236 | D:13     | Noticed Azrael
 32406 | D:13     | Found a gate to the Vaults.
 32585 | D:13     | Reached skill level 10 in Armour
 32621 | D:13     | Killed Azrael
 32623 | D:13     | Noticed Snorg
 32634 | D:13     | Killed Snorg
 32649 | D:13     | Found a hide-covered altar of Uskayaw.
 32700 | D:13     | Noticed Kirke
 32905 | D:13     | Killed Kirke
 32905 | D:13     | Received a gift from Trog
 33859 | D:15     | Reached XP level 16. HP: 96/159 MP: 18/18
 34174 | D:15     | Found Jeiwem's Antique Weapon Boutique.
 34983 | Snake:1  | Entered Level 1 of the Snake Pit
 35130 | Snake:1  | Found a shimmering altar of Xom.
 35436 | Snake:1  | Found Leakk's Distillery.
 35617 | Snake:1  | Bought a potion of curing for 42 gold pieces
 35617 | Snake:1  | Bought a potion of heal wounds for 70 gold pieces
 35617 | Snake:1  | Bought a potion of heal wounds for 70 gold pieces
 35617 | Snake:1  | Bought a potion of haste for 140 gold pieces
 35617 | Snake:1  | Bought a potion of heal wounds for 70 gold pieces
 35676 | Snake:1  | Found Finwudd's Magic Scroll Emporium.
 36378 | Snake:1  | Found a runed translucent door.
 36388 | Snake:1  | Noticed vinnietd's ghost (adept HaFi)
 36933 | Snake:2  | Received a gift from Trog
 36959 | Snake:2  | Found Hitanepics's Book Emporium.
 36984 | Snake:2  | Found Inwyfu Inut's Antique Weapon Shoppe.
 36984 | Snake:2  | Found Qoijashra's Armour Emporium.
 37054 | Snake:2  | Found Miurocw's Distillery.
 37060 | Snake:2  | Bought a potion of resistance for 120 gold pieces
 37063 | Snake:2  | Bought a +1 hat of magic resistance for 240 gold pieces
 39416 | Snake:4  | Entered Level 4 of the Snake Pit
 40249 | Snake:4  | Received a gift from Trog
 40952 | Snake:4  | Reached XP level 17. HP: 130/170 MP: 19/19
 42286 | Snake:4  | Received a gift from Trog
 42656 | Snake:4  | Got a serpentine rune of Zot
 43062 | Shoals:1 | Entered Level 1 of the Shoals
 43555 | Shoals:1 | Noticed a kraken
 43574 | Shoals:1 | Killed a kraken
 43860 | Shoals:1 | Found Figh's Gadget Shop.
 43919 | Shoals:1 | Received a gift from Trog
 45269 | Shoals:2 | Reached XP level 18. HP: 176/178 MP: 20/20
 45315 | Shoals:2 | You fall into a shaft and drop 1 floor!
 45945 | Shoals:3 | Noticed Polyphemus
 45952 | Shoals:2 | Received a gift from Trog
 45970 | Shoals:2 | Killed Polyphemus
 46816 | Shoals:4 | Entered Level 4 of the Shoals
 47970 | Shoals:4 | Got a barnacled rune of Zot
 49123 | Shoals:4 | Found Heecwec's Gadget Emporium.
 49390 | Vaults:1 | Entered Level 1 of the Vaults
 49420 | Vaults:1 | You fall into a shaft and drop 1 floor!
 49539 | Vaults:2 | Received a gift from Trog
 51137 | Vaults:1 | Reached XP level 19. HP: 181/185 MP: 7/21
 52296 | Vaults:2 | Received a gift from Trog
 53038 | Vaults:2 | Noticed Bai Suzhen
 53067 | Vaults:2 | Killed Bai Suzhen
 53127 | Vaults:2 | Noticed Xtahua
 53146 | Vaults:2 | Killed Xtahua
 53939 | Vaults:3 | Noticed Mennas
 54003 | Vaults:3 | Killed Mennas
 54202 | Vaults:3 | Received a gift from Trog
 54291 | Vaults:3 | Noticed Jory
 54319 | Vaults:3 | Killed Jory
 54319 | Vaults:3 | Reached skill level 10 in Dodging
 54578 | Vaults:3 | Reached XP level 20. HP: 198/198 MP: 7/22
 54629 | Vaults:3 | Found a staircase to the Crypt.
 55556 | Vaults:3 | Received a gift from Trog
 55966 | Vaults:4 | Received a gift from Trog
 56511 | Vaults:4 | Found Eca Wadoi's Weapon Boutique.
 57304 | Depths:1 | Entered Level 1 of the Depths
 57316 | Depths:1 | Found a flickering gateway to a bazaar.
 57350 | Bazaar   | Entered a bazaar
 57350 | Bazaar   | Found Xireonam's Book Shoppe.
 57350 | Bazaar   | Found Istra's Jewellery Shoppe.
 57350 | Bazaar   | Found Wemiqyheff's Distillery.
 57350 | Bazaar   | Found Ilorup's Distillery.
 57376 | Bazaar   | Bought a +5 ring of protection for 660 gold pieces
 57398 | Bazaar   | Bought a potion of haste for 150 gold pieces
 57398 | Bazaar   | Bought a potion of might for 60 gold pieces
 57398 | Bazaar   | Bought a potion of curing for 45 gold pieces
 57414 | Bazaar   | Bought a potion of mutation for 120 gold pieces
 57414 | Bazaar   | Bought 2 potions of mutation for 240 gold pieces
 57424 | Bazaar   | Bought a potion of agility for 28 gold pieces
 57424 | Bazaar   | Bought a potion of resistance for 70 gold pieces
 57424 | Bazaar   | Bought a potion of agility for 28 gold pieces
 57424 | Bazaar   | Bought a potion of heal wounds for 35 gold pieces
 57424 | Bazaar   | Bought a potion of agility for 28 gold pieces
 57424 | Bazaar   | Bought a potion of heal wounds for 35 gold pieces
 57580 | Depths:1 | Reached skill level 15 in Armour
 57693 | Depths:1 | Found a one-way gate leading to the halls of Pandemonium.
 58154 | Depths:1 | Found a gateway to Hell.
 58408 | Depths:1 | Found a runed translucent gate.
 58408 | Depths:1 | Found a runed translucent gate.
 58408 | Depths:1 | Found a runed translucent gate.
 58408 | Depths:1 | Found a runed translucent gate.
 58408 | Depths:1 | Found a runed translucent gate.
 58408 | Depths:1 | Found a runed translucent gate.
 58409 | Depths:1 | Found the +2 Maxwell's thermic engine {flame, freeze}
 58894 | Depths:2 | Received a gift from Trog
 59083 | Depths:2 | Found a one-way gate to the infinite horrors of the Abyss.
 59466 | Depths:2 | Noticed a caustic shrike
 59467 | Depths:2 | Noticed a caustic shrike
 59467 | Depths:2 | Noticed a caustic shrike
 59467 | Depths:2 | Noticed a caustic shrike
 59467 | Depths:2 | Noticed a caustic shrike
 59913 | Depths:1 | Reached XP level 21. HP: 202/211 MP: 7/23
 60302 | Depths:2 | Killed a caustic shrike
 60328 | Depths:2 | Killed a caustic shrike
 60344 | Depths:2 | Killed a caustic shrike
 60354 | Depths:2 | Killed a caustic shrike
 60382 | Depths:2 | Killed a caustic shrike
 60382 | Depths:2 | Received a gift from Trog
 60964 | Depths:2 | Found Enuzac's Magic Scroll Emporium.
 60971 | Depths:2 | Bought a scroll of blinking for 157 gold pieces
 60971 | Depths:2 | Bought a scroll of teleportation for 63 gold pieces
 61960 | Depths:3 | Found a viscous altar of Jiyva.
 62704 | Depths:3 | Noticed a golden dragon
 63635 | Depths:3 | Killed a golden dragon
 63635 | Depths:3 | Received a gift from Trog
 63635 | Depths:3 | Reached XP level 22. HP: 157/228 MP: 8/24
 63962 | Depths:3 | Found a viscous altar of Jiyva.
 64898 | D:11     | Got a dazzling chain mail
 64899 | D:11     | Identified the +3 chain mail "Jomp" {rPois rF++ Dex-3 SInv}
                  | (You found it on level 11 of the Dungeon)
 65039 | Orc:1    | Killed TheWoodenMan's ghost
 65132 | Orc:2    | Killed mopl's ghost
 65160 | Orc:2    | Identified the +8 plate armour of Juputim {rF+ MR+} (You
                  | found it on level 2 of the Orcish Mines)
 66360 | Depths:4 | Received a gift from Trog
 66565 | Depths:4 | Received a gift from Trog
 66720 | Depths:4 | Reached skill level 27 in Fighting
 66836 | Depths:4 | Identified the cursed +1 robe "Sueblux" {rF+ Str+3 Int-3}
 67789 | Depths:4 | Found a runed door.
 67976 | Depths:5 | Entered Level 5 of the Depths
 69165 | Depths:5 | Found a gate to the Realm of Zot.
 69343 | Depths:5 | Found Qaisiq's Gadget Shoppe.
 69347 | Depths:5 | Found Cag Rosi's Gadget Shoppe.
 69349 | Depths:5 | Found Loigoguo's Jewellery Shop.
 69364 | Depths:5 | Bought a wand of clouds (5) for 594 gold pieces
 69498 | Depths:5 | Got a twitching golden ring
 69499 | Depths:5 | Identified the ring "Ilimmafir" {rElec rPois rN+ MR+ MP+9}
                  | (You acquired it on level 5 of the Depths)
 69623 | Depths:5 | Reached XP level 23. HP: 240/240 MP: 11/26
 69636 | Depths:5 | Found a gateway to a ziggurat.
 69923 | Depths:5 | Noticed a juggernaut
 69940 | Depths:5 | Killed a juggernaut
 70165 | Depths:5 | Received a gift from Trog
 70742 | Vaults:5 | Entered Level 5 of the Vaults
 70748 | Vaults:5 | Received a gift from Trog
 70749 | Vaults:5 | Reached skill level 27 in Shields
 70938 | Vaults:5 | Received a gift from Trog
 72076 | Vaults:5 | Reached skill level 10 in Evocations
 72386 | Vaults:5 | Received a gift from Trog
 72526 | Vaults:5 | Got a silver rune of Zot
 73157 | Vaults:5 | Reached XP level 24. HP: 249/249 MP: 13/31
 73190 | Vaults:5 | Got a crude chain mail
 73191 | Vaults:5 | Identified the cursed +1 chain mail "Keweh" {*Corrode
                  | +Blink Dex+2} (You found it on level 5 of the Vaults)
 73280 | Vaults:5 | Noticed Sojobo
 73312 | Vaults:5 | Killed Sojobo
 73312 | Vaults:5 | Received a gift from Trog
 73724 | Vaults:5 | Found Waucher's Gadget Shop.
 73769 | Vaults:5 | Found Foemeabadi's Gadget Shop.
 73971 | Vaults:5 | Found Baosurpha's Armour Shoppe.
 74176 | Vaults:5 | Found Ewnanof's Distillery.
 74189 | Vaults:5 | Bought a potion of curing for 42 gold pieces
 74189 | Vaults:5 | Bought a potion of cancellation for 112 gold pieces
 74189 | Vaults:5 | Bought a potion of might for 56 gold pieces
 74189 | Vaults:5 | Bought 2 potions of curing for 84 gold pieces
 74189 | Vaults:5 | Bought a potion of cancellation for 112 gold pieces
 74196 | Vaults:5 | Found Ciucameh's Distillery.
 74196 | Vaults:5 | Found Fyadopiuno's Food Boutique.
 74200 | Vaults:5 | Bought a potion of heal wounds for 55 gold pieces
 74200 | Vaults:5 | Bought a potion of curing for 33 gold pieces
 74751 | Zot:1    | Entered Level 1 of the Realm of Zot
 74902 | Zot:1    | Reached skill level 15 in Evocations
 75421 | Zot:1    | Noticed an orb of fire
 75707 | Zot:1    | Received a gift from Trog
 76207 | Zot:1    | Gained mutation: Your magical capacity is low. (-10% MP)
                  | [an orb of fire]
 76210 | Zot:1    | Killed an orb of fire
 77186 | Zot:2    | Reached XP level 25. HP: 257/257 MP: 13/30
 78427 | Zot:2    | Received a gift from Trog
 79978 | Zot:3    | Received a gift from Trog
 80704 | Zot:3    | Identified the Guide on Ignition
 82291 | Zot:3    | Reached skill level 15 in Dodging
 82291 | Zot:3    | Reached XP level 26. HP: 170/266 MP: 13/30
 82480 | Zot:3    | Received a gift from Trog
 83020 | Zot:4    | Noticed an orb of fire
 83031 | Zot:4    | Killed an orb of fire
 83788 | Zot:4    | Noticed an orb of fire
 83913 | Zot:4    | Gained mutation: You are clumsy. (Dex -2) [an orb of fire]
 83915 | Zot:4    | Gained mutation: You are weak. (Str -2) [an orb of fire]
 83935 | Zot:4    | Killed an orb of fire
 83951 | Zot:4    | Got an ancient shield
 83952 | Zot:4    | Identified the +2 shield of Follow the Leader {rPois rF+
                  | MR- Dex+2} (You found it on level 4 of the Realm of Zot)
 84727 | Zot:5    | Entered Level 5 of the Realm of Zot
 86055 | Zot:5    | Noticed an ancient lich
 86058 | Zot:5    | Noticed an ancient lich
 86072 | Zot:5    | Noticed an orb of fire
 86076 | Zot:5    | Killed an ancient lich
 86230 | Zot:5    | Noticed an orb of fire
 86231 | Zot:5    | Gained mutation: You do not regenerate when monsters are
                  | visible. [an orb of fire]
 86236 | Zot:5    | Gained mutation: You are dopey. (Int -2) [an orb of fire]
 86237 | Zot:5    | Noticed a juggernaut
 86237 | Zot:5    | a Killer Klown changed into a juggernaut
 86244 | Zot:5    | Killed an orb of fire
 86244 | Zot:5    | Gained mutation: You are very clumsy. (Dex -4) [an orb of
                  | fire]
 86621 | Zot:5    | Lost mutation: You are dopey. (Int -2) [potion of mutation]
 86621 | Zot:5    | Lost mutation: You are very clumsy. (Dex -4) [potion of
                  | mutation]
 86621 | Zot:5    | Lost mutation: You are weak. (Str -2) [potion of mutation]
 86621 | Zot:5    | Gained mutation: You are partially covered in iridescent
                  | scales. (AC +2) [potion of mutation]
 86621 | Zot:5    | Gained mutation: You are resistant to hostile enchantments.
                  | (MR+) [potion of mutation]
 86621 | Zot:5    | Lost mutation: Your magical capacity is low. (-10% MP)
                  | [potion of mutation]
 86690 | Zot:5    | Noticed an orb of fire
 86691 | Zot:5    | Noticed an orb of fire
 86703 | Zot:5    | Gained mutation: You are weak. (Str -2) [an orb of fire]
 87145 | Zot:5    | Gained mutation: You are dopey. (Int -2) [an orb of fire]
 87152 | Zot:5    | Gained mutation: Your magical capacity is low. (-10% MP)
                  | [an orb of fire]
 87155 | Zot:5    | Gained mutation: You are frail. (-10% HP) [an orb of fire]
 87156 | Zot:5    | Killed an orb of fire
 87162 | Zot:5    | Killed an ancient lich
 87162 | Zot:5    | Received a gift from Trog
 87162 | Zot:5    | Reached XP level 27. HP: 177/244 MP: 13/30
 87167 | Zot:5    | Killed an orb of fire
 87190 | Zot:5    | Noticed an ancient lich
 87197 | Zot:5    | Noticed an orb of fire
 87203 | Zot:5    | Gained mutation: You are very frail. (-20% HP) [an orb of
                  | fire]
 87205 | Zot:5    | Gained mutation: You occasionally shout uncontrollably at
                  | your foes. [an orb of fire]
 87217 | Zot:5    | Gained mutation: You are extremely frail. (-30% HP) [an orb
                  | of fire]
 87220 | Zot:5    | Killed an ancient lich
 87231 | Zot:5    | Killed an orb of fire
 87234 | Zot:5    | Killed a juggernaut
 87255 | Zot:5    | Gained mutation: Your magical capacity is very low. (-20%
                  | MP) [an orb of fire]
 87256 | Zot:5    | Killed an orb of fire
 87588 | Zot:5    | Lost mutation: You occasionally shout uncontrollably at
                  | your foes. [potion of mutation]
 87588 | Zot:5    | Lost mutation: You are clumsy. (Dex -2) [potion of
                  | mutation]
 87588 | Zot:5    | Lost mutation: You are dopey. (Int -2) [potion of mutation]
 87588 | Zot:5    | Gained mutation: Your movements are slightly less
                  | encumbered by armour. (ER -2) [potion of mutation]
 87589 | Zot:5    | Lost mutation: You are extremely frail. (-30% HP) [potion
                  | of mutation]
 87589 | Zot:5    | Lost mutation: Your magical capacity is very low. (-20% MP)
                  | [potion of mutation]
 87589 | Zot:5    | Lost mutation: You are very frail. (-20% HP) [potion of
                  | mutation]
 87589 | Zot:5    | Lost mutation: You are weak. (Str -2) [potion of mutation]
 87589 | Zot:5    | Gained mutation: You expend magic power (3 MP) to
                  | strengthen your wands. [potion of mutation]
 87590 | Zot:5    | Lost mutation: Your magical capacity is low. (-10% MP)
                  | [potion of mutation]
 87590 | Zot:5    | Lost mutation: You are frail. (-10% HP) [potion of
                  | mutation]
 87590 | Zot:5    | Lost mutation: You are resistant to hostile enchantments.
                  | (MR+) [potion of mutation]
 87590 | Zot:5    | Gained mutation: Your muscles are strong. (Str +2) [potion
                  | of mutation]
 87590 | Zot:5    | Gained mutation: You are surrounded by a mild repulsion
                  | field. (EV +2) [potion of mutation]
 87590 | Zot:5    | Gained mutation: You can translocate small distances at
                  | will. [potion of mutation]
 87590 | Zot:5    | Gained mutation: Your system is resistant to poisons.
                  | (rPois) [potion of mutation]
 87822 | Zot:5    | Got the Orb of Zot
 88151 | D:13     | Noticed Tikyemel the pandemonium lord
 88316 | D:5      | Noticed Kyriyhacs the pandemonium lord
 88506 | D:$      | Escaped with the Orb!

Levels and vault maps discovered:
D:1:      mainiacjoe_arrival_reflecting_pool, layout_basic, chequers_big_river
D:2:      minmay_alternating_diamond, layout_basic,
          chequers_ecumenical_altar_twisty, serial_bayou_lagoon_a
D:3:      layout_loops_ring, grunt_dithmenos_smoke, first_ration,
          gup_sewer_entry_glass, uniq_ijyb
D:4:      layout_cave_pods, gammafunk_temple_overflow_statue
D:5:      layout_basic, serial_shops, shop
D:6:      layout_basic
D:7:      layout_loops_ring, minmay_temple_entry_butterflies, the_bakery
D:8:      layout_basic, lemuel_doored_altar, uniq_gastronok, uniq_prince_ribbit1
D:9:      layout_loops_cross
D:10:     layout_basic, david_lair_shrubbed, orc_0_dummy, serial_shops,
          nicolae_shop_behind_doors
D:11:     layout_roguey [special_room_orc], minmay_statue_crystal_thing
D:12:     layout_stronghold, minmay_misc_feat_tower,
          hangedman_cracks_in_the_wall, uniq_frances
D:13:     layout_long_grid, erik_vaults_2, kennysheep_small_circle, uniq_snorg,
          uniq_azrael, uniq_kirke
D:14:     layout_long_grid, kennysheep_another_room
D:15:     grunt_enter_depths_giant_problem, layout_long_grid, serial_shops,
          nicolae_shop_behind_doors, serial_park_square2
Temple:   dpeg_five_rooms_temple
Lair:1:   layout_gridlike
Lair:2:   layout_regular_city, minmay_snake_entry_six_corridors,
          gauntlet_entry_generic, grunt_megastairs_3
Lair:3:   layout_cave_pods
Lair:4:   statuecave_lemuel, layout_hall_layers, elwin_shoals_entry_rocks,
          portal_ice_cave_rime, st_stairs_7
Lair:5:   gammafunk_cloud_chamber, layout_regular_city,
          minmay_slime_entry_jelly_boxes, serial_bayou_shore_b,
          lemuel_fruit_fields, serial_bayou_shore_b
Lair:6:   minmay_lair_end_enchanted_forest, layout_small_grid,
          grunt_megastairs_4
Shoals:1: layout_shoals, serial_shops, shop
Shoals:2: layout_shoals
Shoals:3: layout_shoals, uniq_polyphemus
Shoals:4: shoals_end_simple, layout_shoals, serial_shops, shop, overgrown_hall
Snake:1:  layout_basic, basic_altar, serial_shops, nicolae_shop_waterfront,
          shop_coins, ebering_ghost_inner_flame
Snake:2:  layout_chambers, lemuel_fruit_tree, minmay_shoptagon
Snake:3:  layout_honeycomb, nicolae_snake_squiggles
Snake:4:  johnstein_snake_rune_scales, layout_gridlike
Orc:1:    cheibrodos_orc_guarddog, layout_diamond_mine,
          ebering_ghost_inner_flame, uniq_maurice
Orc:2:    st_orc_congregation, layout_caves, serial_shops, nicolae_shop_stone,
          gammafunk_ghost_fury_of_okawaru, roderic_batcave, minmay_orc_temple_c,
          uniq_sonja, uniq_urug, uniq_erolcha
Vaults:1: st_quartered_hall, v_misc_15, vaults_standard_mumra_enter_the_diamond,
          ontoclasm_vaults_spin, v_misc_29, nicolae_vaults_border_crossing,
          layout_vaults_omnigrid
Vaults:2: hangedman_vaults_river_flow, hangedman_vaults_capsules,
          st_smaller_cells, v_misc_10, vaults_mumra_chevron_long,
          vaults_room_hallway, v_misc_2, ontoclasm_vaults_ring_square, v_misc_2,
          ontoclasm_vaults_tryst, vaults_dpeg_encased_lava,
          nicolae_vaults_alarming, ontoclasm_vaults_fault,
          grunt_vaults_hallway_short, layout_vaults_maze_snakey, uniq_xtahua,
          uniq_bai_suzhen
Vaults:3: v_misc_14, ontoclasm_vaults_gateway, nicolae_vaults_ring_of_whatevers,
          minmay_crypt_entry_nasty_monster, v_misc_19,
          nicolae_vaults_display_case, nicolae_vaults_hallways_thing,
          nicolae_vaults_little_squares_3, v_misc_19,
          vaults_standard_mumra_enter_the_diamond, layout_vaults_omnibox,
          uniq_mennas, uniq_jory
Vaults:4: vaults_room_hangedman_quadrants, nicolae_vaults_inception_corners,
          ontoclasm_vaults_ring_large, v_misc_27, dpeg_vaults_monster_box,
          vaults_mumra_minichess, grunt_vaults_funnel, hangedman_vaults_nails,
          vaults_room_pool, nicolae_vaults_little_squares_3, v_misc_8,
          serial_ice_g, layout_vaults_big_room, serial_shops, shop
Vaults:5: uniq_sojobo
Depths:1: layout_gridville, hell_entry, serial_shops, bzr_firewalk,
          rand_demon_pan_entry_7, hangedman_decor_clover_reticule,
          brannock_guarded_unrand_thermic_engine
Depths:2: hangedman_cross_stitches, layout_twisted_cross, hell_entry,
          kennysheep_crisscross, abyss_entry, serial_shops,
          kennysheep_mini_moat, chequers_serial_rivers_marsh
Depths:3: cheibrodos_salmonella, layout_long_grid, special_room
          [special_room_jelly], grunt_pan_entry_sceptre, hell_entry
Depths:4: evilmike_wizard_prison, layout_basic,
          hangedman_abyss_or_decor_stagger, hangedman_abyss_entry_splay,
          hellmouth_3
Depths:5: evilmike_zot_entry_basic, layout_basic, enter_ziggurat_f,
          pf_hell_entry_great_geh, minmay_misc_feat_encased,
          serial_bayou_shore_b, grunt_megastairs_2, serial_bayou_shore_b,
          minmay_shop_grove
Zot:1:    layout_basic, zot_minivault_1
Zot:2:    layout_cathedral_of_symmetry
Zot:3:    lemuel_halls_of_wrath, layout_twisted_circle, nicolae_lava_and_water
Zot:4:    layout_gridlike, evilmike_ambush [evilmike_ambush_outer_basic,
          evilmike_ambush_inner_wall_1]
Zot:5:    layout_basic

Skill      XL: |  1  2  3  4  5  6  7  8  9 10 11 12 13 14 15 16 17 18 19 20 21 22 23 24 25 26 27 |
---------------+----------------------------------------------------------------------------------+-----
Fighting       | 4 5 7 8 9 11 12 14 16 17 18 20 21 23 26 27 | 27.0
Axes           | 4 5 6 7 8 9 11 13 15 17 18 | 18.0
Armour         | 3 4 6 7 10 13 16 17 20 23 25 | 25.7
Dodging        | 5 6 10 11 15 18 | 18.0
Evocations     | 3 5 12 16 | 16.0
Shields        | 9 14 16 19 22 25 26 27 | 27.0

Action                   |  1- 3 |  4- 6 |  7- 9 | 10-12 | 13-15 | 16-18 | 19-21 | 22-24 | 25-27 || total
-------------------------+-------+-------+-------+-------+-------+-------+-------+-------+-------++-------
Melee: Hand axe          |    31 |       |   324 |       |       |       |       |       |       ||   355
       Headbutt          |     9 |    27 |    78 |   142 |   319 |   399 |   512 |   540 |   433 ||  2459
       Whip              |    40 |   224 |    27 |       |       |       |       |       |       ||   291
       Battleaxe         |       |       |    74 |   169 |       |       |       |       |       ||   243
       Broad axe         |       |       |       |   442 |  1365 |  1614 |  1719 |  1694 |  1366 ||  8200
       Unarmed           |       |       |       |       |     3 |       |       |       |       ||     3
Invok: Berserk           |       |     2 |     4 |     2 |     3 |     1 |       |       |     1 ||    13
       Trog's Hand       |       |     1 |     1 |     2 |    10 |     4 |     6 |     5 |     6 ||    35
       Brothers in Arms  |       |       |       |       |     5 |       |     3 |     2 |       ||    10
Evoke: Wand              |       |       |     4 |       |     5 |     1 |       |     1 |     4 ||    15
       Phantom mirror    |       |       |       |     1 |       |       |       |       |       ||     1
       Lamp of fire      |       |       |       |       |       |       |     1 |     1 |       ||     2
  Use: Scroll            |     3 |     1 |    11 |    10 |    20 |    10 |     8 |    20 |     9 ||    92
       Potion            |       |       |     1 |     1 |     5 |     5 |     6 |     8 |    21 ||    47
 Stab: Petrified         |       |       |       |       |       |     6 |       |       |       ||     6
       Distracted        |       |       |       |       |       |       |     1 |     2 |       ||     3
  Eat: Chunk             |     2 |    11 |    22 |    32 |    42 |    28 |    37 |    37 |    12 ||   223
       Ration            |       |       |     1 |       |     3 |     9 |     2 |     3 |    10 ||    28
Armor: Leather armour    |    14 |       |       |       |       |       |       |       |       ||    14
       Chain mail        |     8 |    90 |       |       |       |       |       |       |       ||    98
       Scale mail        |       |     1 |   195 |   223 |   184 |   167 |       |       |       ||   770
       Plate armour      |       |       |       |       |    52 |    51 |   270 |   358 |   332 ||  1063
Dodge: Dodged            |    34 |    79 |   167 |   234 |   308 |   205 |   224 |   259 |   291 ||  1801
Block: Other             |       |       |       |    14 |     3 |       |       |       |       ||    17
       Reflection        |       |       |       |     1 |    34 |   238 |   109 |    77 |    20 ||   479
       Shield            |       |       |       |   132 |   533 |       |       |       |       ||   665
       Buckler           |       |       |       |    25 |       |       |       |       |       ||    25
       Large shield      |       |       |       |       |   270 |  1735 |  1578 |  1748 |  1515 ||  6846
